 Dungeon Crawl Stone Soup version 0.27.1-34-g3ba077fa99 (webtiles) character file.

Game seed: 13317200907174588001

27979 Karpo the Unseen (level 13, -2/67 HPs)
             Began as a Spriggan Enchanter on Jan 24, 2022.
             Was a High Priest of Dithmenos.
             Killed from afar by a bog body (27 damage)
             ... with a bolt of cold
             ... on level 4 of the Lair of Beasts.
             The game lasted 01:11:35 (21282 turns).

Karpo the Unseen (Spriggan Enchanter)              Turns: 21282, Time: 01:11:36

Health: -2/67      AC: 10    Str:  4    XL:     13   Next: 7%
Magic:  20/23      EV: 28    Int: 19    God:    Dithmenos [*****.]
Gold:   1121       SH:  5    Dex: 18    Spells: 19/24 levels left

rFire    + . .     SeeInvis +   E - +2 dagger (protect)
rCold    . . .     Faith    .   (shield restricted)
rNeg     . . .     Spirit   .   b - +0 robe
rPois    .         Reflect  +   (helmet restricted)
rElec    .         Harm     .   r - +0 cloak
rCorr    .         Rampage  .   (gloves unavailable)
Will     ++...                  (boots unavailable) Stlth *+++++++++
                                L - amulet of reflection
HPRegen  0.21/turn              c - ring of protection from fire
MPRegen  0.18/turn              (no ring)

@: under a protective aura, wreathed by umbra, very quick
A: very small, no large weapons, unfitting armour, see invisible, speed 3
a: Renounce Religion, Shadow Step, Shadow Form


You were on level 4 of the Lair of Beasts.
You worshipped Dithmenos.
Dithmenos was extremely pleased with you.
You visited 3 branches of the dungeon, and saw 16 of its levels.
You also visited: Ossuary and Bailey.

You collected 1121 gold pieces.

Inventory:

Hand Weapons
 s - a +4 quarterstaff of chaos
 E - a +2 dagger of protection (weapon)
 I - a +2 dagger of speed
Missiles
 v - 34 poisoned darts
Armour
 b - a +0 robe (worn)
 r - a +0 cloak (worn)
Jewellery
 c - a ring of protection from fire (left hand)
 w - a ring of protection from cold
 y - a ring of ice
 F - a ring of flight
 L - an amulet of reflection (around neck)
Wands
 a - a wand of acid (6)
 i - a wand of paralysis (23)
 l - a wand of iceblast (17)
 p - a wand of mindburst (10)
 t - a wand of flame (29)
 A - a wand of polymorph (13)
 K - a wand of charming (7)
Scrolls
 d - a scroll of fear
 e - 6 scrolls of enchant weapon
 h - 11 scrolls of teleportation
 q - 2 scrolls of magic mapping
 x - 6 scrolls of enchant armour
 z - a scroll of vulnerability
 C - a scroll of silence
 D - a scroll of acquirement
 H - a scroll of amnesia
Potions
 g - 2 potions of magic
 j - 3 potions of haste
 k - 7 potions of heal wounds
 m - 8 potions of curing
 n - a potion of might
 o - a potion of ambrosia {unknown}
 u - 3 potions of berserk rage
 B - a potion of brilliance


   Skills:
 + Level 7.5 Fighting
 - Level 10.0 Short Blades
 - Level 15.0 Dodging
 + Level 16.5 Stealth
 - Level 6.0 Spellcasting
 - Level 10.0 Hexes


You had 19 spell levels left.
You knew the following spells:

 Your Spells              Type           Power      Damage    Failure   Level
b - Ensorcelled Hibernat  Hex/Ice        48%        N/A       2%          2
c - Confusing Touch       Hex            43%        N/A       1%          3

Your spell library contained the following spells:

 Spells                   Type           Power      Damage    Failure   Level
 Corona                   Hex            47%        N/A       1%          1
 Tukima's Dance           Hex            43%        N/A       1%          3
 Cause Fear               Hex            21%        N/A       1%          4
 Dazzling Flash           Conj/Hex       48%        N/A       4%          3
 Inner Flame              Hex/Fire       24%        N/A       4%          3
 Magic Dart               Conj           20%        1d4       11%         1
 Fulminant Prism          Conj/Hex       12%        3d9       14%         4
 Searing Ray              Conj           10%        3d3       17%         2
 Borgnjor's Revivificati  Necr           2%         N/A       100%        8
 Discord                  Hex            21%        N/A       100%        8
 Necromutation            Tmut/Necr      2%         N/A       100%        8
 Death's Door             Necr           2%         N/A       100%        9


Dungeon Overview and Level Annotations

Branches:
Dungeon (10/15)            Temple (1/1) D:5            Lair (5/6) D:9
  Swamp (0/4) Lair:4        Snake (0/4) Lair:3      Ossuary (visited)
 Bailey (visited)
  Slime: Lair:5-6       Orc: D:9-12

Altars:
Ashenzari
Cheibriados
Dithmenos
Elyvilon
Fedhas
Gozag
Hepliaklqana
Kikubaaqudgha
Makhleb
Nemelex Xobeh
Okawaru
Qazlal
Ru
Sif Muna
Trog
Uskayaw
Vehumet
Wu Jian
Xom
Yredelemnul
Zin
The Shining One

Shops:
D:6 (   D:9 [*

Annotations:
D:8 1 runed translucent door, Destapler's ghost, novice MiFi
Lair:4 3 runed translucent doors, Fiha's ghost, journeyman VSTm


Innate Abilities, Weirdness & Mutations

You are very small and have problems with some larger weapons.
You are too small for most types of armour.
You have supernaturally acute eyesight. (SInv)
You cover ground extremely quickly. (Speed+++)


Message History

Your weapon exudes an aura of protection.
The bog body is lightly damaged.
You hit the bog body.
The bog body is lightly damaged.
Your shadow hits the bog body with a dagger.
The bog body touches you but does no damage.
The bog body touches you. The bog body freezes you!!
You hit the bog body but do no damage.
The bog body is lightly damaged.
You hit the bog body.
The bog body is lightly damaged.
The bog body completely misses you.
The bog body touches you but does no damage.
You hit the bog body.
The bog body is lightly damaged.
You catch the helpless bog body completely off-guard!
You skewer the bog body like a kebab!!!
You destroy the bog body!
Dithmenos accepts your kill.
The bog body points at you and mumbles some strange words.
The bolt of cold hits you!
You hit the bog body.
The bog body is lightly damaged.
You hit the bog body.
The bog body is lightly damaged.
The bog body closely misses you.
You hit the bog body.
The bog body is lightly damaged.
Your shadow hits the bog body with a dagger.
You hit the bog body.
The bog body is moderately damaged.
The bog body completely misses you.
You hit the bog body.
The bog body is moderately damaged.
Your shadow hits the bog body with a dagger.
You hit the bog body.
The bog body is heavily damaged.
The bog body points at you and mumbles some strange words.
The bolt of cold hits you!!
You die...

#...≈♣§§≈§.## ######
#....≈≈≈....#####.##.#
##.#.......#.##...>..#####
#...#.......# #........P.#
#..........###..........#
##.#.........###..........
#.^.......................
##.............P..........
#......n@................
#.........................
##........................
..............|.........PP
##...#..................###
##.##.....)............# ##
####.#P............###
###.............##.
#................


You could see a bog body.

Vanquished Creatures
  Snorg (Lair:3)
  5 hydras
  2 two-headed ogres (D:7)
  A bog body (Lair:4)
  An ugly thing (D:7)
  3 orc knights (Bailey)
  A guardian serpent (Lair:3)
  2 black mambas
  A gargoyle (D:7)
  2 cane toads
  2 rime drakes
  A kobold demonologist (D:10)
  9 komodo dragons
  3 trolls
  2 polar bears
  Prince Ribbit (D:6)
  5 blink frogs
  2 wyverns
  3 basilisks
  17 yaks
  Menkaure (D:4)
  4 steam dragons
  3 acid dragons
  7 water moccasins
  An ice beast (D:5)
  3 sky beasts
  12 orc warriors
  3 black bears
  36 wolves
  An ogre (D:4)
  A necrophage (D:5)
  3 centaurs
  2 kobold brigands
  A phantom (D:5)
  11 bullfrogs
  Blork the orc (D:4)
  An elf zombie (Ossuary)
  2 gnoll sergeants (D:9)
  A water moccasin zombie (D:7)
  2 scorpions (D:5)
  2 wyvern skeletons
  A killer bee (D:8)
  7 wights
  6 centaur zombies
  3 jellies
  2 bullfrog zombies (D:5)
  3 human zombies (Ossuary)
  Crazy Yiuf (D:3)
  A bullfrog skeleton (D:7)
  3 orc priests (D:7)
  A gnoll shaman (D:7)
  3 hounds
  A centaur skeleton (D:7)
  A scorpion zombie (D:5)
  Natasha (thrice) (D:4)
  Terence (D:2)
  7 iguanas
  An orc wizard (D:8)
  2 hound zombies (Ossuary)
  3 mummies (Ossuary)
  A howler monkey zombie (D:7)
  10 gnolls
  6 adders
  A shadow imp (D:7)
  3 white imps
  An ufetubus (D:6)
  2 adder zombies (Ossuary)
  An adder skeleton (D:4)
  A worm (D:3)
  The ghost of Akaron the Sneak, a weakling OpDe (D:6)
  3 dart slugs
  49 orcs
  5 ball pythons
  7 endoplasms
  A giant cockroach (D:4)
  8 goblins
  4 hobgoblins
  8 jackals
  3 quokkas
  3 bats
  A frilled lizard (D:2)
  A gnoll zombie (Ossuary)
  3 goblin zombies (Ossuary)
  5 hobgoblin zombies (Ossuary)
  2 jackal zombies (Ossuary)
  14 kobolds
  4 kobold zombies (Ossuary)
  3 orc zombies (Ossuary)
  4 quokka zombies (Ossuary)
  4 rats
  4 rat zombies (Ossuary)
375 creatures vanquished.

Vanquished Creatures (collateral kills)
  2 kobolds (D:9)
2 creatures vanquished.

Vanquished Creatures (others)
  15 fungi
  19 plants
34 creatures vanquished.

Grand Total: 411 creatures vanquished

Notes
Turn   | Place    | Note
-------+----------+-------------------------------------------
     0 | D:1      | Karpo the Spriggan Enchanter began the quest for the Orb.
     0 | D:1      | Reached XP level 1. HP: 9/9 MP: 5/5
   713 | D:1      | Reached XP level 2. HP: 13/13 MP: 6/6
   720 | D:1      | Learned a level 2 spell: Ensorcelled Hibernation
   732 | D:1      | Reached skill level 5 in Stealth
  1527 | D:1      | Found a faded altar of an unknown god.
  1687 | D:2      | Reached XP level 3. HP: 15/16 MP: 5/8
  1809 | D:2      | Noticed Terence
  1902 | D:2      | Killed Terence
  1903 | D:2      | Reached skill level 6 in Stealth
  2258 | D:2      | Learned a level 3 spell: Confusing Touch
  2453 | D:4      | Reached XP level 4. HP: 13/21 MP: 9/9
  2504 | D:4      | Noticed an ogre
  2509 | D:4      | Killed an ogre
  2510 | D:4      | Reached skill level 7 in Stealth
  2510 | D:4      | Reached XP level 5. HP: 19/24 MP: 7/10
  2819 | D:4      | Noticed Blork the orc
  2823 | D:4      | Killed Blork the orc
  2987 | D:4      | Noticed Menkaure
  2990 | D:4      | Killed Menkaure
  2991 | D:4      | Reached skill level 5 in Short Blades
  2991 | D:4      | Reached skill level 8 in Stealth
  2991 | D:4      | Reached XP level 6. HP: 28/28 MP: 11/11
  3111 | D:4      | Found a sand-covered staircase.
  3116 | Ossuary  | Entered an ossuary
  3996 | Ossuary  | Reached skill level 5 in Hexes
  4284 | Ossuary  | Reached XP level 7. HP: 28/32 MP: 7/14
  5273 | D:3      | Found a burning altar of Makhleb.
  5770 | D:3      | Found a runed translucent door.
  5771 | D:3      | Noticed Crazy Yiuf
  5776 | D:3      | Killed Crazy Yiuf
  5941 | D:3      | Found a radiant altar of Vehumet.
  6386 | D:4      | Noticed Natasha
  6593 | D:4      | Killed Natasha
  6697 | D:5      | Entered Level 5 of the Dungeon
  6716 | D:5      | Found a staircase to the Ecumenical Temple.
  6727 | Temple   | Entered the Ecumenical Temple
  6735 | Temple   | Became a worshipper of Dithmenos the Shadowed
  7228 | D:4      | Noticed a steam dragon
  7230 | D:4      | Killed a steam dragon
  7231 | D:4      | Reached skill level 1 in Fighting
  7231 | D:4      | Reached XP level 8. HP: 37/37 MP: 15/15
  7440 | D:4      | Noticed Natasha
  7447 | D:4      | Killed Natasha
  7678 | D:4      | Found a white marble altar of Elyvilon.
  7749 | D:4      | Noticed Natasha
  7761 | D:4      | Killed Natasha
  8107 | D:5      | Reached skill level 5 in Dodging
  8399 | D:5      | Found a basalt altar of Yredelemnul.
  8399 | D:5      | Found a snail-covered altar of Cheibriados.
  8853 | D:5      | Found an iron altar of Okawaru.
  9008 | D:5      | Reached * piety under Dithmenos
  9102 | D:6      | Noticed Akaron's ghost (weakling OpDe)
  9102 | D:6      | Noticed a troll
  9102 | D:6      | Found Lufear's Antique Weapon Emporium.
  9102 | D:6      | Found a runed translucent door.
  9226 | D:5      | Killed a troll
  9227 | D:5      | Reached XP level 9. HP: 37/44 MP: 11/16
  9304 | D:6      | Killed Akaron's ghost
  9488 | D:6      | Found an ancient bone altar of Kikubaaqudgha.
  9530 | D:6      | Reached skill level 9 in Stealth
 10012 | D:6      | Reached skill level 10 in Stealth
 10242 | D:6      | Reached ** piety under Dithmenos
 10394 | D:7      | Found a shimmering altar of Xom.
 10403 | D:7      | Noticed an angel
 10408 | D:7      | Found a glowing silver altar of Zin.
 10410 | D:7      | Noticed a two-headed ogre
 10419 | D:7      | Killed a two-headed ogre
 10420 | D:7      | Reached skill level 12 in Stealth
 10670 | D:7      | Reached XP level 10. HP: 40/49 MP: 6/17
 11112 | D:7      | Noticed a four-headed hydra
 11246 | D:7      | Killed a four-headed hydra
 11306 | D:7      | Noticed Prince Ribbit
 11431 | D:6      | Killed Prince Ribbit
 11432 | D:6      | Reached skill level 5 in Fighting
 11519 | D:7      | Found a shadowy altar of Dithmenos.
 11519 | D:7      | Noticed a gargoyle
 11570 | D:7      | Killed a gargoyle
 12023 | D:7      | Reached skill level 10 in Short Blades
 12149 | D:7      | Noticed a white ugly thing
 12162 | D:7      | Noticed a two-headed ogre
 12167 | D:7      | Killed a white ugly thing
 12182 | D:7      | Killed a two-headed ogre
 12183 | D:7      | Reached skill level 5 in Spellcasting
 12430 | D:7      | Found the +15 Maxwell's patent armour {-Cast -Tele rElec
                  | Will+ rCorr}
 12453 | D:7      | Identified the +6 hand axe of Cuofos Vach {distort, Dex+6}
 12489 | D:7      | Found a shimmering blue altar of Sif Muna.
 12714 | D:8      | Reached *** piety under Dithmenos
 12812 | D:8      | Reached XP level 11. HP: 56/56 MP: 11/20
 13073 | D:9      | Found Ytaroisu's Elemental Accessories.
 13128 | D:9      | Found a flagged portal.
 13138 | Bailey   | Entered a bailey
 13397 | Bailey   | Noticed an orc knight
 13407 | Bailey   | Reached **** piety under Dithmenos
 13422 | Bailey   | Noticed an orc knight
 13430 | Bailey   | Noticed an orc knight
 13433 | Bailey   | Killed an orc knight
 13434 | Bailey   | Reached skill level 10 in Hexes
 13534 | Bailey   | Killed an orc knight
 13781 | Bailey   | Killed an orc knight
 14255 | D:8      | Found a runed translucent door.
 14260 | D:8      | Noticed Destapler's ghost (novice MiFi)
 14278 | D:8      | Found a sparkling altar of Nemelex Xobeh.
 14378 | D:8      | Found a hide-covered altar of Uskayaw.
 14598 | D:10     | Entered Level 10 of the Dungeon
 14605 | D:10     | Reached skill level 13 in Stealth
 14673 | D:9      | Found Teoca's Antique Armour Emporium.
 14901 | D:9      | Found a blossoming altar of Fedhas.
 15491 | D:9      | Reached skill level 10 in Dodging
 15601 | D:9      | Found a staircase to the Lair.
 15798 | Lair:1   | Entered Level 1 of the Lair of Beasts
 16083 | Lair:1   | Reached skill level 14 in Stealth
 16378 | Lair:1   | Noticed a five-headed hydra
 16378 | Lair:1   | Noticed a seven-headed hydra
 16385 | Lair:1   | Killed a five-headed hydra
 16407 | Lair:1   | Killed a seven-headed hydra
 16408 | Lair:1   | Reached skill level 15 in Stealth
 16846 | Lair:2   | Reached XP level 12. HP: 56/61 MP: 19/22
 17457 | Lair:1   | Reached ***** piety under Dithmenos
 17601 | Lair:2   | Noticed a seven-headed hydra
 17612 | Lair:2   | Killed a seven-headed hydra
 18683 | Lair:2   | Noticed a four-headed hydra
 18701 | Lair:2   | Killed a four-headed hydra
 18834 | Lair:3   | Found a staircase to the Snake Pit.
 19338 | Lair:3   | Reached skill level 15 in Dodging
 19658 | Lair:3   | Noticed Snorg
 19671 | Lair:3   | Killed Snorg
 20339 | Lair:3   | Reached skill level 16 in Stealth
 20639 | Lair:3   | Noticed a death yak
 20754 | Lair:4   | Found a runed translucent gate.
 20754 | Lair:4   | Found a runed translucent gate.
 20754 | Lair:4   | Found a runed translucent gate.
 20959 | Lair:4   | Noticed Fiha's ghost (journeyman VSTm)
 21006 | Lair:4   | Reached XP level 13. HP: 67/67 MP: 23/23
 21255 | Lair:4   | Found a staircase to the Swamp.
 21282 | Lair:4   | Killed from afar by a bog body

Illustrated notes

Levels and vault maps discovered:
D:1:      dpeg_arrival_rooms_c, layout_rooms, chequers_ecumenical_altar_twisty,
          item_on_display_b
D:2:      layout_loops_ring, chequers_serial_rivers_small_a, uniq_terence
D:3:      layout_loops_corners, mainiacjoe_overflow_alcove_2, bloody_makhleb,
          grunt_decor_fettered, minmay_misc_feat_nine_boxes,
          uniq_crazy_yiuf_cottage
D:4:      minmay_octagon_keep, layout_loops_corners,
          mainiacjoe_overflow_alcove_4, enter_ossuary_2, grunt_decor_one_mirror,
          uniq_blork_the_orc, uniq_menkaure, uniq_natasha
D:5:      layout_basic, okawaru_metal_pillars_1_2,
          gammafunk_temple_overflow_wave, minmay_temple_entry_drinking_statues
D:6:      kennysheep_six_static_rooms, layout_basic, kiku_gazebo_pond_becter,
          serial_shops, nicolae_shop_waterfront, ebering_ghost_inner_flame
D:7:      minmay_the_grid_octo_2x2 [minmay_the_grid_octo_checkerflower,
          minmay_the_grid_octo_vomiting_pacman, minmay_the_grid_octo_chip,
          minmay_the_grid_octo_prize_big_c], layout_rooms,
          grunt_temple_overflow_order_and_chaos_1, uniq_prince_ribbit1
D:8:      layout_loops_ring, nicolae_uskayaw_murder_on_the_dancefloor,
          lemuel_coloured_pillars_altar, gammafunk_ghost_grave
D:9:      layout_rooms, mainiacjoe_overflow_surrounded_room, erik_lair_dragon,
          enter_bailey_3, serial_shops, nicolae_take_the_stairs, serial_glass,
          glass_columns_a, glass_columns_c, glass_columns_a, glass_columns_a,
          glass_columns_a, glass_columns_b, glass_columns_c, glass_columns_b,
          glass_columns_a, glass_columns_b, glass_columns_b, glass_columns_a,
          glass_columns_c, glass_columns_a, interstate_on_off,
          minmay_tree_intersection, minmay_misc_feat_enclosed,
          nicolae_elemental_shop, corexii_hall_statues_i
D:10:     layout_cave_pools, david_orc_2
Temple:   dpeg_chambers_temple
Lair:1:   layout_gridlike
Lair:2:   layout_gridlike, grunt_forest_large_clearings,
          infiniplex_staircase_pool_2, lemuel_fruit_fields, serial_bayou_shore_a
Lair:3:   layout_layer_cave, minmay_snake_entry_spellcaster,
          minmay_lair_oklob_chamber, grunt_megastairs_2, uniq_snorg
Lair:4:   layout_cave_pods, skrybe_swamp_entry_bodies, gammafunk_ghost_icy
Lair:5:   layout_regular_city, grunt_megastairs_3

Skill      XL: |  1  2  3  4  5  6  7  8  9 10 11 12 |
---------------+-------------------------------------+-----
Stealth        | 5 6 7 8 12 15 16 | 16.5
Short Blades   | 2 3 5 8 10 | 10.0
Spellcasting   | 3 4 5 6 |  6.0
Hexes          | 4 5 8 9 10 | 10.0
Dodging        | 3 8 11 15 | 15.0
Fighting       | 1 3 6 7 |  7.5

Action                   |  1- 3 |  4- 6 |  7- 9 | 10-12 | 13-15 || total
-------------------------+-------+-------+-------+-------+-------++-------
Melee: Dagger            |   143 |   181 |   563 |   837 |    30 ||  1754
 Cast: Ensorcelled Hiber |    11 |     1 |    58 |   212 |     2 ||   284
       Confusing Touch   |       |     4 |    15 |    15 |     1 ||    35
       Corona            |       |       |       |     2 |       ||     2
  Use: Potion            |       |       |     2 |     3 |       ||     5
       Scroll            |       |       |     5 |    15 |       ||    20
 Stab: Sleeping          |    15 |     7 |    56 |   126 |     4 ||   208
       Confused          |       |     6 |    15 |    21 |     1 ||    43
       Distracted        |       |       |     1 |     7 |       ||     8
       Invisible         |       |       |       |    23 |       ||    23
Armor: Robe              |    21 |    16 |    31 |    62 |     2 ||   132
Dodge: Dodged            |   116 |    95 |   393 |   825 |    13 ||  1442
Block: Other             |       |       |       |    80 |     2 ||    82
